 Dungeon Crawl Stone Soup version 0.22.0-49-gab54619674 (webtiles) character file.

13698 JedernureinKreuz the Destroyer (level 12, 0/89 HPs)
             Began as a Gnoll Conjurer on Sept 8, 2018.
             Slain by a spectral alligator (2 damage)
             ... called from beyond by a ghost crab
             ... on level 1 of the Swamp.
             The game lasted 01:44:36 (14390 turns).

JedernureinKreuz the Destroyer (Gnoll Conjurer)    Turns: 14390, Time: 01:44:36

Health: 0/89       AC:  7    Str: 10    XL:     12   Next: 8%
Magic:  24/24      EV: 20    Int: 22    God:
Gold:   636        SH:  0    Dex: 20    Spells: 20/28 levels left

rFire    . . .     SeeInvis .   b - +1 shortbow (flame)
rCold    . . .     Gourm    .   (shield currently unavailable)
rNeg     . . .     Faith    .   U - +0 troll leather armour
rPois    .         Spirit   .   p - +0 helmet
rElec    .         Reflect  .   (no cloak)
rCorr    .         Harm     .   X - +0 pair of gloves
MR       .....                  (no boots)
Stlth    +++.......             S - amulet of regeneration
HPRegen  1.04/turn              W - +4 ring of evasion
MPRegen  0.19/turn              N - +3 ring of dexterity

@: very slightly contaminated, slowed, heavily drained, invisible, very slow
A: distributed training, fangs 1, strong nose
a: no special abilities


You were on level 1 of the Swamp.
You were not hungry.

You visited 3 branches of the dungeon, and saw 13 of its levels.
You also visited: Bailey.

You collected 936 gold pieces.
You spent 300 gold pieces at shops.

Inventory:

Hand Weapons
 a - a +0 long sword of draining
 b - a +1 shortbow of flaming (weapon)
 f - a +0 antimagic mace
 r - a +0 quarterstaff
 D - a +0 blowgun
 F - the +6 hunting sling of Malyis {speed, rF+ rC+ Str+3}
   (You found it on level 5 of the Dungeon)

   Attacks with this weapon are significantly faster.
   It affects your strength (+3).
   It protects you from fire.
   It protects you from cold.
 R - a +2 dagger of venom
 T - the +12 spear "Tiliolu" {protect, +Rage rF++ rC+ Int-3, unknown}
   (You found it on level 9 of the Dungeon)

   It protects the one who uses it against injury (+AC on strike).
   It affects your intelligence (-3).
   It greatly protects you from fire.
   It protects you from cold.
   It lets you go berserk.
 Z - a +1 dagger of electrocution
Missiles
 e - 3 sling bullets
 h - 287 stones
 u - 168 arrows (quivered)
 v - 4 poisoned tomahawks
 C - 79 poisoned needles
 H - 19 bolts
Armour
 p - a +0 helmet (worn)
 y - a +2 robe
 U - a +0 troll leather armour (worn)
 X - a +0 pair of gloves (worn)
Jewellery
 z - an uncursed ring of magical power
 A - a +3 ring of strength
 G - a cursed -2 ring of protection {unknown}
 N - a +3 ring of dexterity (right hand)
 S - an amulet of regeneration (around neck)
 W - a +4 ring of evasion (left hand)
Wands
 n - a wand of clouds (3)
 x - a wand of acid (21)
 M - a wand of iceblast (8)
 V - a wand of enslavement (10)
Scrolls
 g - 3 scrolls of enchant armour {unknown}
 j - 2 scrolls of identify
 k - 4 scrolls of remove curse
 o - 3 scrolls of magic mapping {unknown}
 w - 2 scrolls of enchant weapon {unknown}
 E - 2 scrolls of immolation {unknown}
 I - a scroll of blinking {unknown}
 K - 5 scrolls of teleportation {unknown}
 Q - 2 scrolls of holy word {unknown}
 Y - a scroll of acquirement {unknown}
Potions
 d - 3 potions of curing {unknown}
 i - 3 potions of invisibility
 l - a potion of cancellation {unknown}
 m - a potion of degeneration {unknown}
 q - 2 potions of might {unknown}
 s - 2 potions of haste {unknown}
 t - a potion of flight {unknown}
 B - 2 potions of heal wounds {unknown}
 L - 2 potions of lignification {unknown}
 O - a potion of agility {unknown}
 P - a potion of mutation {unknown}
Comestibles
 c - 17 rations


   Skills:
 + Level 6.8(5.1) Fighting
 + Level 6.8(5.1) Short Blades
 + Level 6.8(5.1) Long Blades
 + Level 6.8(5.1) Axes
 + Level 6.8(5.1) Maces & Flails
 + Level 6.8(5.1) Polearms
 + Level 6.8(5.1) Staves
 + Level 6.8(5.1) Slings
 + Level 6.8(5.1) Bows
 + Level 6.8(5.1) Crossbows
 + Level 6.8(5.1) Throwing
 + Level 6.8(5.1) Armour
 + Level 8.3(6.5) Dodging
 + Level 8.1(6.3) Stealth
 + Level 6.8(5.1) Shields
 + Level 6.8(5.1) Unarmed Combat
 + Level 8.5(6.8) Spellcasting
 + Level 9.2(7.4) Conjurations
 + Level 5.6(4.0) Hexes
 + Level 5.6(4.0) Charms
 + Level 5.6(4.0) Summonings
 + Level 5.6(4.0) Necromancy
 + Level 5.6(4.0) Translocations
 + Level 5.6(4.0) Transmutations
 + Level 5.6(4.0) Fire Magic
 + Level 5.6(4.0) Ice Magic
 + Level 5.6(4.0) Air Magic
 + Level 5.6(4.0) Earth Magic
 + Level 5.6(4.0) Poison Magic
 + Level 7.4(5.7) Invocations
 + Level 6.8(5.1) Evocations


You had 20 spell levels left.
You knew the following spells:

 Your Spells              Type           Power        Failure   Level  Hunger
a - Magic Dart            Conj           ####         1%          1    None
b - Iskenderun's Mystic   Conj           #####...     5%          4    ###....
c - Dazzling Spray        Conj/Hex       ####..       3%          3    None

Your spell library contained the following spells:

 Spells                   Type           Power        Failure   Level  Hunger
 Searing Ray              Conj           #####.       1%          2    None
 Force Lance              Conj/Tloc      ####....     11%         4    ###....
 Fulminant Prism          Conj/Hex       ####......   11%         4    ###....


Dungeon Overview and Level Annotations

Branches:
Dungeon (9/15)             Temple (0/1) D:6            Lair (3/6) D:9
  Swamp (1/4) Lair:3          Orc (0/2) D:9
  Snake: Lair:2-4    Spider: Lair:2-4

Altars:
Ashenzari
Dithmenos
Elyvilon
Gozag
Hepliaklqana
Makhleb
Nemelex Xobeh
Okawaru
Qazlal
Ru
Trog
Uskayaw
Xom
Yredelemnul
The Shining One

Shops:
D:5 %   D:7 [

Annotations:
Lair:1 exclusion: oklob plant
Swamp:1 Josephine


Innate Abilities, Weirdness & Mutations

Your experience applies equally to all skills.
You have very sharp teeth.
Your uncanny sense of smell can sniff out nearby items.


Message History

The spectral alligator completely misses you.
The spectral alligator bites you!!
* * * LOW HITPOINT WARNING * * *
The spectral alligator tail-slaps you but does no damage.
You fade into invisibility!
An alligator comes into view.
The spectral alligator barely misses you.
The spectral alligator completely misses you.
The wraith hits you but does no damage.
The spectral alligator barely misses you.
The spectral alligator tail-slaps you.
* * * LOW HITPOINT WARNING * * *
You feel drained.
You are very lightly contaminated with residual magic.
The spectral alligator closely misses you.
The spectral alligator misses you. The wraith hits you but does no damage.
The spectral alligator fades away!
The spectral alligator bites you!
* * * LOW HITPOINT WARNING * * *
You feel drained.
You die...

♣♣♣....≈≈...♣♣♣..§..≈≈♣
♣..≈≈♣♣..≈♣♣.÷≈≈≈.♣♣♣♣ ..
♣≈.♣♣♣≈..♣♣..≈≈≈≈≈♣≈≈♣♣≈≈
♣≈.. ♣≈≈≈♣♣≈..>....≈≈≈..≈
♣♣.. ♣.≈≈≈♣........≈≈≈...
♣♣♣ ♣......♣≈.§.≈§..≈..≈
♣♣♣♣♣♣.....§≈W..Z≈§.≈.≈≈
♣≈.≈≈....≈..≈ZWt.≈≈.♣♣..
♣.≈≈≈≈....≈.@..@(((.(≈♣
♣..≈≈≈≈≈≈≈≈≈♣≈≈≈.Z≈(((♣
♣≈..≈≈≈≈≈≈≈≈♣≈......♣♣((
♣≈..≈≈≈≈≈≈≈.≈♣......♣
♣♣.≈≈≈≈≈≈.≈♣♣♣≈≈.≈≈.≈♣
♣♣.≈≈≈≈≈.♣♣ .....≈≈..♣
♣♣♣♣.≈≈≈≈≈.♣ ♣.≈≈≈≈≈≈≈≈≈.
♣...≈.≈≈≈≈.♣ ♣♣t.≈≈..≈≈..
♣§≈≈..<≈≈≈≈♣


You could see Josephine, a ghost crab, a spectral alligator, 2 spectral
eight-headed hydras and 2 wraiths.

Vanquished Creatures
  Nergalle (Lair:2)
  4 spiny frogs (Lair:2)
  3 komodo dragons (Lair:1)
  A troll (D:9)
  Prince Ribbit (D:6)
  2 hornets (D:9)
  5 hippogriffs
  2 wraiths (Swamp:1)
  Eustachio (D:4)
  A wyvern (Lair:1)
  13 yaks
  A hungry ghost (D:8)
  A basilisk (Lair:1)
  A swamp worm (Swamp:1)
  6 water moccasins
  6 orc warriors (D:9)
  7 porcupines
  A swamp drake (Swamp:1)
  6 ice beasts
  2 sky beasts
  A black bear (D:8)
  A phantom (D:5)
  3 ogres
  A centaur (D:6)
  4 wolves (Lair:2)
  5 crocodiles
  A big kobold (D:7)
  5 bullfrogs
  A water moccasin zombie (D:7)
  3 scorpions
  5 killer bees (D:7)
  3 wights (D:9)
  3 howler monkeys
  An electric eel (Lair:3)
  A crimson imp (D:8)
  A centaur zombie (D:9)
  2 quasits (D:9)
  7 orc priests
  2 hounds
  2 jellies
  23 orc wizards
  2 bullfrog skeletons
  Ijyb (D:4)
  Terence (D:2)
  3 iguanas
  7 worker ants
  A hound zombie (D:9)
  A worker ant zombie (D:6)
  A howler monkey zombie (D:5)
  8 adders
  4 shadow imps
  3 oozes
  An adder skeleton (D:5)
  4 worms
  4 dart slugs
  6 leopard geckos
  50 orcs
  2 ball pythons
  7 bats
  3 giant cockroaches
  6 goblins
  13 hobgoblins
  14 jackals
  10 kobolds
  4 quokkas
  3 frilled lizards (D:2)
  A jackal skeleton (D:4)
  A jackal zombie (D:7)
  A leopard gecko skeleton (D:4)
  9 rats
311 creatures vanquished.

Vanquished Creatures (others)
  A wizard (D:7)
  A jelly (D:8)
  3 fungi
5 creatures vanquished.

Grand Total: 316 creatures vanquished

Notes
Turn   | Place    | Note
-------+----------+-------------------------------------------
     0 | D:1      | JedernureinKreuz the Gnoll Conjurer began the quest for the
                  | Orb.
     0 | D:1      | Reached XP level 1. HP: 13/13 MP: 6/6
     2 | D:1      | Noticed a naga
     4 | D:1      | Noticed a minotaur
     4 | D:1      | Noticed a spriggan
     6 | D:1      | Noticed an ogre
     8 | D:1      | Noticed a halfling
     8 | D:1      | Noticed a human
    10 | D:1      | Noticed a demonspawn
    12 | D:1      | Noticed a tengu
    12 | D:1      | Noticed a vampire
    14 | D:1      | Noticed a merfolk
    16 | D:1      | Noticed a vine stalker
    16 | D:1      | Noticed a formicid
    18 | D:1      | Noticed a felid
    18 | D:1      | Noticed a ghoul
    20 | D:1      | Noticed a dwarf
    20 | D:1      | Noticed an octopode
    22 | D:1      | Noticed a draconian
    22 | D:1      | Noticed a centaur
    24 | D:1      | Noticed an elf
    24 | D:1      | Noticed a troll
    26 | D:1      | Noticed a demigod
    26 | D:1      | Noticed a gargoyle
   116 | D:1      | Reached XP level 2. HP: 15/19 MP: 3/7
   884 | D:2      | Reached XP level 3. HP: 25/25 MP: 6/9
   896 | D:2      | Reached skill level 5 in Spellcasting
  1097 | D:2      | Reached skill level 1 in Invocations
  1172 | D:2      | Found a hide-covered altar of Uskayaw.
  1309 | D:2      | Reached skill level 1 in Fighting
  1309 | D:2      | Reached skill level 1 in Short Blades
  1309 | D:2      | Reached skill level 1 in Long Blades
  1309 | D:2      | Reached skill level 1 in Axes
  1309 | D:2      | Reached skill level 1 in Maces & Flails
  1309 | D:2      | Reached skill level 1 in Polearms
  1309 | D:2      | Reached skill level 1 in Staves
  1309 | D:2      | Reached skill level 1 in Slings
  1309 | D:2      | Reached skill level 1 in Bows
  1309 | D:2      | Reached skill level 1 in Crossbows
  1309 | D:2      | Reached skill level 1 in Throwing
  1309 | D:2      | Reached skill level 1 in Armour
  1309 | D:2      | Reached skill level 1 in Shields
  1309 | D:2      | Reached skill level 1 in Unarmed Combat
  1309 | D:2      | Reached skill level 1 in Evocations
  1309 | D:2      | Reached XP level 4. HP: 32/32 MP: 7/11
  2017 | D:3      | Noticed Terence
  2018 | D:3      | Reached skill level 1 in Hexes
  2018 | D:3      | Reached skill level 1 in Charms
  2018 | D:3      | Reached skill level 1 in Summonings
  2018 | D:3      | Reached skill level 1 in Necromancy
  2018 | D:3      | Reached skill level 1 in Translocations
  2018 | D:3      | Reached skill level 1 in Transmutations
  2018 | D:3      | Reached skill level 1 in Fire Magic
  2018 | D:3      | Reached skill level 1 in Ice Magic
  2018 | D:3      | Reached skill level 1 in Air Magic
  2018 | D:3      | Reached skill level 1 in Earth Magic
  2018 | D:3      | Reached skill level 1 in Poison Magic
  2018 | D:3      | Reached XP level 5. HP: 23/37 MP: 0/12
  2273 | D:2      | Killed Terence
  2845 | D:3      | HP: 1/37 [something (1)]
  2849 | D:2      | Reached XP level 6. HP: 1/44 MP: 5/13
  3691 | D:3      | Found a glowing golden altar of the Shining One.
  3931 | D:4      | Reached skill level 5 in Dodging
  4026 | D:4      | Found a shimmering altar of Xom.
  4703 | D:4      | Reached XP level 7. HP: 38/50 MP: 15/15
  4777 | D:4      | Noticed Eustachio
  4784 | D:4      | Learned a level 4 spell: Iskenderun's Mystic Blast
  4788 | D:4      | Learned a level 3 spell: Dazzling Spray
  4808 | D:4      | Killed Eustachio
  4933 | D:4      | Reached skill level 5 in Stealth
  5398 | D:4      | Noticed Ijyb
  5414 | D:4      | Killed Ijyb
  5666 | D:4      | Found an opulent altar of Gozag.
  6007 | D:5      | Entered Level 5 of the Dungeon
  6040 | D:5      | Reached XP level 8. HP: 48/57 MP: 16/16
  6459 | D:5      | Found an iron altar of Okawaru.
  6468 | D:5      | Found a shadowy altar of Dithmenos.
  6630 | D:5      | Found a sacrificial altar of Ru.
  6631 | D:5      | Found a burning altar of Makhleb.
  6963 | D:5      | Found Xistrick's Food Boutique.
  6966 | D:5      | Bought a ration for 50 gold pieces
  6966 | D:5      | Bought a ration for 50 gold pieces
  6966 | D:5      | Bought a ration for 50 gold pieces
  6966 | D:5      | Bought a ration for 50 gold pieces
  6966 | D:5      | Bought a ration for 50 gold pieces
  6966 | D:5      | Bought a ration for 50 gold pieces
  7012 | D:5      | Got a scorched hunting sling
  7013 | D:5      | Identified the +6 hunting sling of Malyis {speed, rF+ rC+
                  | Str+3} (You found it on level 5 of the Dungeon)
  7255 | D:6      | Found a staircase to the Ecumenical Temple.
  7544 | D:6      | Reached XP level 9. HP: 49/65 MP: 10/18
  7656 | D:6      | Found a sparkling altar of Nemelex Xobeh.
  7704 | D:6      | Noticed Prince Ribbit
  7712 | D:6      | Killed Prince Ribbit
  8172 | D:7      | Found a flagged portal.
  8185 | Bailey   | Entered a bailey
  8511 | D:7      | Reached skill level 8 in Conjurations
  9031 | D:7      | Found a bloodstained altar of Trog.
  9032 | D:7      | Noticed a wizard
  9037 | D:7      | Killed a wizard
  9067 | D:7      | Found Xuumm's Armour Shop.
  9253 | D:7      | Found a basalt altar of Yredelemnul.
  9320 | D:7      | Found a white marble altar of Elyvilon.
  9753 | D:8      | Reached skill level 5 in Invocations
  9827 | D:8      | Reached XP level 10. HP: 73/73 MP: 16/20
 10110 | D:8      | Found a stormy altar of Qazlal.
 10137 | D:8      | Reached skill level 5 in Fighting
 10137 | D:8      | Reached skill level 5 in Short Blades
 10137 | D:8      | Reached skill level 5 in Long Blades
 10137 | D:8      | Reached skill level 5 in Axes
 10137 | D:8      | Reached skill level 5 in Maces & Flails
 10137 | D:8      | Reached skill level 5 in Polearms
 10137 | D:8      | Reached skill level 5 in Staves
 10137 | D:8      | Reached skill level 5 in Slings
 10137 | D:8      | Reached skill level 5 in Bows
 10137 | D:8      | Reached skill level 5 in Crossbows
 10137 | D:8      | Reached skill level 5 in Throwing
 10137 | D:8      | Reached skill level 5 in Armour
 10137 | D:8      | Reached skill level 5 in Shields
 10137 | D:8      | Reached skill level 5 in Unarmed Combat
 10137 | D:8      | Reached skill level 5 in Evocations
 11016 | D:9      | Got a crystal spear
 11180 | D:9      | Found a bloodstained altar of Trog.
 11743 | D:9      | Found a staircase to the Orcish Mines.
 11812 | D:9      | Found a staircase to the Lair.
 11818 | Lair:1   | Entered Level 1 of the Lair of Beasts
 11831 | Lair:1   | Reached XP level 11. HP: 81/81 MP: 22/22
 12004 | Lair:1   | Reached skill level 5 in Hexes
 12004 | Lair:1   | Reached skill level 5 in Charms
 12004 | Lair:1   | Reached skill level 5 in Summonings
 12004 | Lair:1   | Reached skill level 5 in Necromancy
 12004 | Lair:1   | Reached skill level 5 in Translocations
 12004 | Lair:1   | Reached skill level 5 in Transmutations
 12004 | Lair:1   | Reached skill level 5 in Fire Magic
 12004 | Lair:1   | Reached skill level 5 in Ice Magic
 12004 | Lair:1   | Reached skill level 5 in Air Magic
 12004 | Lair:1   | Reached skill level 5 in Earth Magic
 12004 | Lair:1   | Reached skill level 5 in Poison Magic
 12388 | Lair:1   | Found a hazy altar of Hepliaklqana.
 12388 | Lair:1   | Noticed an oklob plant
 13165 | Lair:2   | Reached skill level 9 in Conjurations
 13179 | Lair:2   | Noticed Nergalle
 13210 | Lair:2   | Killed Nergalle
 13697 | Lair:2   | Reached XP level 12. HP: 89/89 MP: 20/24
 14043 | Lair:3   | Found a staircase to the Swamp.
 14086 | Swamp:1  | Entered Level 1 of the Swamp
 14243 | Swamp:1  | Found a shattered altar of Ashenzari.
 14271 | Swamp:1  | Noticed an alligator
 14378 | Swamp:1  | Noticed Josephine
 14381 | Swamp:1  | Noticed a ghost crab
 14388 | Swamp:1  | Noticed an alligator
 14390 | Swamp:1  | HP: 2/89 [spectral alligator[a ghost crab] (16)]
 14390 | Swamp:1  | Slain by a spectral alligator

Skill      XL: |  1  2  3  4  5  6  7  8  9 10 11 |
---------------+----------------------------------+-----
Spellcasting   | 5 6 7 8 |  8.5
Invocations    | 1 2 3 4 5 6 7 |  7.4
Fighting       | 1 2 3 4 5 6 |  6.8
Short Blades   | 1 2 3 4 5 6 |  6.8
Long Blades    | 1 2 3 4 5 6 |  6.8
Axes           | 1 2 3 4 5 6 |  6.8
Maces & Flails | 1 2 3 4 5 6 |  6.8
Polearms       | 1 2 3 4 5 6 |  6.8
Staves         | 1 2 3 4 5 6 |  6.8
Slings         | 1 2 3 4 5 6 |  6.8
Bows           | 1 2 3 4 5 6 |  6.8
Crossbows      | 1 2 3 4 5 6 |  6.8
Throwing       | 1 2 3 4 5 6 |  6.8
Armour         | 1 2 3 4 5 6 |  6.8
Shields        | 1 2 3 4 5 6 |  6.8
Unarmed Combat | 1 2 3 4 5 6 |  6.8
Evocations     | 1 2 3 4 5 6 |  6.8
Hexes          | 1 2 3 4 5 |  5.6
Charms         | 1 2 3 4 5 |  5.6
Summonings     | 1 2 3 4 5 |  5.6
Necromancy     | 1 2 3 4 5 |  5.6
Translocations | 1 2 3 4 5 |  5.6
Transmutations | 1 2 3 4 5 |  5.6
Fire Magic     | 1 2 3 4 5 |  5.6
Ice Magic      | 1 2 3 4 5 |  5.6
Air Magic      | 1 2 3 4 5 |  5.6
Earth Magic    | 1 2 3 4 5 |  5.6
Poison Magic   | 1 2 3 4 5 |  5.6
Dodging        | 5 6 7 8 |  8.3
Stealth        | 5 6 7 8 |  8.1
Conjurations   | 8 9 |  9.2

Action                   |  1- 3 |  4- 6 |  7- 9 | 10-12 || total
-------------------------+-------+-------+-------+-------++-------
Melee: Spear             |    33 |    49 |       |       ||    82
       Bite              |     2 |     5 |    19 |    38 ||    64
       Short sword       |       |     9 |    68 |       ||    77
       Punch             |       |     1 |     4 |     8 ||    13
       Dagger            |       |       |    75 |    90 ||   165
       Mace              |       |       |    16 |       ||    16
       Long sword        |       |       |       |   154 ||   154
 Fire: Hunting sling     |       |       |    88 |   155 ||   243
       Shortbow          |       |       |       |   107 ||   107
Throw: Stone             |       |       |    21 |     3 ||    24
 Cast: Magic Dart        |    62 |   166 |   152 |    62 ||   442
       Dazzling Spray    |       |       |    15 |    26 ||    41
       Iskenderun's Myst |       |       |    28 |    45 ||    73
  Use: Scroll            |       |     4 |       |     5 ||     9
       Potion            |       |       |       |     2 ||     2
 Stab: Sleeping          |     3 |     4 |    10 |     4 ||    21
       Invisible         |       |       |     4 |    10 ||    14
       Distracted        |       |       |       |     1 ||     1
  Eat: Chunk             |     1 |     5 |     9 |    14 ||    29
       Ration            |       |     2 |     3 |     2 ||     7
Armor: Robe              |     4 |       |       |       ||     4
       Leather armour    |       |    14 |    25 |     9 ||    48
       Troll leather arm |       |       |       |    42 ||    42
Dodge: Dodged            |    31 |    79 |   140 |   249 ||   499
       Rpst.: Long sword |       |       |       |    46 ||    46
